 Dungeon Crawl Stone Soup version 0.21.1-1-g345015fe64 (webtiles) character file.

172 Holzbalken the Cudgeler (level 5, -6/32 HPs)
             Began as a Gargoyle Monk on July 15, 2018.
             Killed by divine providence
             ... invoked by an orc priest
              (9 damage)
             ... on level 3 of the Dungeon.
             The game lasted 00:11:20 (2844 turns).

Holzbalken the Cudgeler (Gargoyle Monk)             Turns: 2844, Time: 00:11:20

Health: -6/32      AC: 11    Str: 15    XL:     5   Next: 52%
Magic:  5/5        EV: 12    Int: 11    God:
Gold:   128        SH:  0    Dex: 12    Spells: 4/4 levels left

rFire    . . .     SeeInvis .   a - +0 mace
rCold    . . .     Gourm    .   (no shield)
rNeg     + . .     Faith    .   p - +0 leather armour (curse)
rPois    ∞         Spirit   .   d - +2 helmet
rElec    +         Reflect  .   (no cloak)
rCorr    .         Harm     .   h - +0 pair of gloves
MR       .....                  (no boots)
Stlth    ++........             (no amulet)
HPRegen  0.10/turn              j - ring of flight
MPRegen  0.09/turn              (no ring)

@: no status effects
A: negative energy resistance 1, electricity resistance, unbreathing,
petrification resistance, rot immunity, AC +4
a: Evoke Flight


You were on level 3 of the Dungeon.
You were hungry.

You visited 1 branch of the dungeon, and saw 3 of its levels.

You collected 128 gold pieces.

Inventory:

Hand Weapons
 a - a +0 mace (weapon)
Armour
 b - a +0 robe
 d - a +2 helmet (worn)
 e - a +0 helmet
 h - a +0 pair of gloves (worn)
 k - a +0 leather armour
 p - a cursed +0 leather armour (worn)
Jewellery
 j - a ring of flight (left hand)
Wands
 q - a wand of digging (15)
Scrolls
 f - a scroll of blinking {unknown}
 g - 4 scrolls of identify {unknown}
 i - a scroll of fear {unknown}
 l - a scroll of amnesia {unknown}
 m - 2 scrolls of teleportation {unknown}
Comestibles
 c - 3 rations
 n - a chunk of flesh


   Skills:
 - Level 3.3 Fighting
 + Level 6.0 Maces & Flails
 - Level 2.4 Dodging
 - Level 2.2 Stealth


You had 4 spell levels left.
You didn't know any spells.

Dungeon Overview and Level Annotations

Branches:
Dungeon (3/15)

Altars:
Ashenzari
Nemelex Xobeh


Innate Abilities, Weirdness & Mutations

You are resistant to torment.
Your stone body is resilient. (AC +4)
You are immune to poison.
You resist negative energy. (rN+)
You are resistant to electric shocks. (rElec)
You can survive without breathing.
You are immune to petrification.
You are immune to rotting.


Message History

You sock the rat!
You kill the rat!
The orc priest calls upon Beogh to heal the orc.
The orc's wounds heal themselves!
You hit the orc but do no damage. The orc hits you with a flail.
The orc priest calls down the wrath of Beogh upon you.
Beogh smites you!
* * * LOW HITPOINT WARNING * * *
You thump the orc!
You kill the orc!
The orc priest miscasts a cantrip.
You open the door.
There is an open door here.
The orc priest mumbles some strange prayers to Beogh against you.
Pain shoots through your body!
* * * LOW HITPOINT WARNING * * *
There is a stone staircase leading up here.
The orc priest mumbles some strange prayers to Beogh against you.
Beogh smites you!
You die...

...# #...####.# #.##.## ...#
#........# #.##.## ...
##.####### #.##.## # #.# #.#
#....## #.##.###.# ##'##
#..#### #........# ##...##
#...... ####)##### ##.....##
####.#### #.#.## ##.......##
#....#
#....####o..@.....###.#..####
#.......'.....)...'.)_.......
##...####.........###.#..####
##..# ##(......## #....##
##.# ##.....## ####..# #.#
##.(.## ##.# #.# ##+## #.#
#.# #.# #.# #.# #.# #.#


You could see an orc priest.

Vanquished Creatures
  Jessica (D:2)
  Robin (D:3)
  5 adders
  An ooze (D:1)
  2 worms
  2 dart slugs
  3 leopard geckos
  2 orcs (D:3)
  7 bats
  4 giant cockroaches
  13 goblins
  12 hobgoblins
  2 jackals (D:2)
  3 kobolds (D:1)
  2 quokkas (D:2)
  2 frilled lizards
  7 rats
69 creatures vanquished.

Notes
Turn   | Place    | Note
-------+----------+-------------------------------------------
     0 | D:1      | Holzbalken the Gargoyle Monk began the quest for the Orb.
     0 | D:1      | Reached XP level 1. HP: 14/14 MP: 1/1
   333 | D:1      | Reached XP level 2. HP: 10/19 MP: 2/2
   735 | D:1      | Reached skill level 4 in Maces & Flails
   739 | D:1      | Reached XP level 3. HP: 23/23 MP: 3/3
   970 | D:1      | Found a sparkling altar of Nemelex Xobeh.
  1505 | D:2      | Reached XP level 4. HP: 22/28 MP: 4/4
  1849 | D:2      | Noticed Jessica
  1851 | D:2      | Reached skill level 5 in Maces & Flails
  1860 | D:2      | Killed Jessica
  2056 | D:3      | Reached XP level 5. HP: 24/32 MP: 5/5
  2192 | D:3      | Noticed an orc warrior
  2451 | D:3      | Found a shattered altar of Ashenzari.
  2463 | D:3      | Noticed Robin
  2493 | D:3      | Killed Robin
  2828 | D:3      | Reached skill level 6 in Maces & Flails
  2844 | D:3      | Killed from afar by an orc priest

Skill      XL: |  1  2  3  4  5 |
---------------+----------------+-----
Maces & Flails | 4 5 6 |  6.0
Fighting       | |  3.3
Dodging        | |  2.4
Stealth        | |  2.2

Action                   |  1- 3 |  4- 6 || total
-------------------------+-------+-------++-------
Melee: Mace              |   134 |   141 ||   275
  Use: Potion            |       |     2 ||     2
 Stab: Sleeping          |     1 |     2 ||     3
  Eat: Chunk             |     2 |     4 ||     6
Armor: Robe              |    31 |       ||    31
       Leather armour    |    23 |    57 ||    80
Dodge: Dodged            |    89 |   107 ||   196
